 Dungeon Crawl Stone Soup version 0.28.0 (webtiles) character file.

Game seed: 11718860133043852343

23 thesequoiad the Chiller (level 2, -5/19 HPs)
             Began as a Demonspawn Ice Elementalist on Feb 19, 2022.
             Was an Initiate of Ashenzari.
             Slain by a gnoll (10 damage)
             ... on level 2 of the Dungeon.
             The game lasted 00:02:50 (1389 turns).

thesequoiad the Chiller (DsIE)                      Turns: 1389, Time: 00:03:20

Health: -5/19      AC:  2    Str:  8    XL:     2   Next: 75%
Magic:  3/5        EV: 12    Int: 16    God:    Ashenzari [......]
Gold:   26         SH:  0    Dex: 13    Spells: 5/6 levels left

rFire   . . .      SeeInvis .   f - +0 spear
rCold   . . .      Faith    .   (no shield)
rNeg    . . .      Spirit   .   a - +0 robe
rPois   .          Reflect  .   (no helmet)
rElec   .          Harm     .   (no cloak)
rCorr   .          Rampage  .   (no gloves)
Will    .....                   (no boots)
Stlth   ++........              h - amulet of regeneration
HPRegen 0.86/turn               (no ring)
MPRegen 0.18/turn               (no ring)

@: brilliant, lethally poisoned (-5 -> -10)
A: magic regeneration
a: Renounce Religion, Curse Item


You were on level 2 of the Dungeon.
You worshipped Ashenzari.
Ashenzari was noncommittal.
You visited 1 branch of the dungeon, and saw 2 of its levels.

You collected 26 gold pieces.

Inventory:

Hand Weapons
 f - a +0 spear (weapon)
Armour
 a - a +0 robe (worn)
Jewellery
 h - an amulet of regeneration (around neck)
Scrolls
 b - 3 scrolls of identify {unknown}
 c - a scroll of teleportation {unknown}
 e - a scroll of summoning {unknown}
Potions
 g - a potion of flight {unknown}


   Skills:
 - Level 1.7 Dodging
 - Level 1.7 Stealth
 + Level 2.6 Spellcasting
 + Level 4.0 Ice Magic


You had 5 spell levels left.
You knew the following spells:

 Your Spells              Type           Power      Damage    Failure   Level
a - Freeze                Ice            88%        1d10      3%          1

Your spell library contained the following spells:

 Spells                   Type           Power      Damage    Failure   Level
 Frozen Ramparts          Ice            44%        1d6       11%         3
 Ozocubu's Armour         Ice            22%        N/A       11%         3
 Hailstorm                Conj/Ice       12%        3d5       63%         4


Dungeon Overview and Level Annotations

Branches:
Dungeon (2/15)

Altars:
Ashenzari


Innate Abilities, Weirdness & Mutations

You regenerate magic rapidly.


Message History

You don't have enough magic to cast this spell.
You start resting.
Magic restored.
HP restored.
h - an amulet of regeneration You start putting on your amulet.
You continue putting on your amulet of regeneration. x5
You finish putting on your amulet of regeneration.
The amulet throbs as it attunes itself to your uninjured body.
h - an amulet of regeneration (around neck) 3 gnolls and a goblin come into view.
A gnoll is wielding a +0 flail of venom.
The goblin is wielding a +0 dagger of holy wrath.
The gnoll shouts! x2
The gnoll throws a throwing net.
The throwing net misses you.
You closely miss the gnoll.
The gnoll hits you with a +0 flail of venom.
Casting: Freeze (safe; 3% risk of failure)
Confirm with . or Enter, or press ? or * to list all spells.
Aiming: Freeze (safe; 3% risk of failure)
Press: ? - help, Shift-Dir - straight line, f - gnoll
Aim: a gnoll, wielding a +0 flail of venom You freeze the gnoll.
The gnoll is heavily wounded.
The gnoll misses you.
Casting: Freeze (safe; 3% risk of failure)
Confirm with . or Enter, or press ? or * to list all spells.
Aiming: Freeze (safe; 3% risk of failure)
Press: ? - help, Shift-Dir - straight line, f/p - gnoll
Aim: a gnoll, wielding a +0 flail of venom (heavily wounded)
You freeze the gnoll.
The gnoll is heavily wounded.
The gnoll hits you with a +0 flail of venom!
Ouch! That really hurt!
You are lethally poisoned!
It was a potion of brilliance.
You feel clever all of a sudden.
* * * LOW HITPOINT WARNING * * *
You feel very sick.
The gnoll hits you with a +0 flail of venom!
Ouch! That really hurt!
You die...

#####...###
#.....g...#
#.#.#...#.#
#.##g##.#
#.#..g.# .#
#....#g##.#
#.###.....# ##
#..########
#..###..ggg@...#
#..†#.g###......#
#......# .#.##.#
#####.## .# #
###.### .#
#.....# .#
#.....# ..
#.....# ..
#...<.#


You could see 3 gnolls and a goblin.

Vanquished Creatures
  A dart slug (D:2)
  4 bats
  2 endoplasms
  2 goblins (D:1)
  A hobgoblin (D:1)
  4 kobolds (D:1)
  2 quokkas (D:1)
  2 rats (D:1)
18 creatures vanquished.

Notes
Turn   | Place    | Note
-------+----------+-------------------------------------------
     0 | D:1      | thesequoiad the Demonspawn Ice Elementalist began the quest
                  | for the Orb.
     0 | D:1      | Reached XP level 1. HP: 13/13 MP: 3/3
   504 | D:1      | Found a faded altar of an unknown god.
   511 | D:1      | Prayed at the altar of an unknown god.
   511 | D:1      | Became a worshipper of Ashenzari the Shackled
   552 | D:1      | Gained mutation: You regenerate magic rapidly. [demonic
                  | ancestry]
   552 | D:1      | Reached XP level 2. HP: 19/19 MP: 1/5
  1136 | D:1      | Reached skill level 4 in Ice Magic
  1389 | D:2      | Slain by a gnoll

Illustrated notes

Levels and vault maps discovered:
D:1:      dpeg_arrival_tiny_b, layout_loops_corners,
          hellmonk_ecumenical_altar_crossroads
D:2:      layout_loops_cross

Skill      XL: |  1  2 |
---------------+-------+-----
Ice Magic      | 4 |  4.0
Dodging        | |  1.7
Stealth        | |  1.7
Spellcasting   | |  2.6

Action                   || total
-------------------------++-------
Melee: Unarmed           ||     4
       Spear             ||    17
 Cast: Freeze            ||    29
  Use: Potion            ||     1
 Stab: Sleeping          ||     4
Armor: Robe              ||     6
Dodge: Dodged            ||    23
